 Dungeon Crawl Stone Soup version 0.19-a0-994-g3c636f0 (webtiles) character file.

3004 4thArraOfDagon the Grappler (level 9, -3/88 HPs)
             Began as a Troll Abyssal Knight on July 15, 2016.
             Was an Elder of Lugonu.
             Slain by a redback (9 damage)
             ... summoned by a deep elf mage
             ... on level 8 of the Dungeon.
             The game lasted 00:16:42 (3505 turns).

4thArraOfDagon the Grappler (Troll Abyssal Knight)  Turns: 3505, Time: 00:16:43

Health: -3/88      AC:  9    Str: 24    XL:     9   Next: 54%
Magic:  12/12      EV: 11    Int: 11    God:    Lugonu [****..]
Gold:   296        SH:  0    Dex:  7    Spells: 0 memorised, 8 levels left

rFire  . . .     SeeInvis .       - Unarmed
rCold  + . .     Gourm    +     s - +2 robe {MR+}
rNeg   . . .     Faith    .     (no shield)
rPois  .         Spirit   .     (helmet restricted)
rElec  .         Dismiss  .     k - +0 cloak {MR+}
rCorr  .         Reflect  .     (gloves unavailable)
SustAt .         Harm     .     (boots unavailable)
MR     +++..     Clarity  +     (no amulet)
Stlth  +......... Rnd*Tele +    C - ring of protection from cold
                                G - ring of protection from magic

@: lethally poisoned (-3 -> -95), extremely resistant to hostile enchantments,
very unstealthy
A: unfitting armour, claws 3, clarity, clumsy 1, fast metabolism 3, gourmand,
regeneration 2, shaggy fur 2, strong 1, teleportitis 1, tough skin 2
a: Depart the Abyss, Bend Space, Banish, Corrupt, Renounce Religion


You were on level 8 of the Dungeon.
You worshipped Lugonu.
Lugonu was greatly pleased with you.
You were very full.

You visited 1 branch of the dungeon, and saw 10 of its levels.
You visited the Abyss 1 time.
You also visited: Ossuary.

You collected 296 gold pieces.

Inventory:

Hand Weapons
 H - a +0 giant spiked club
Missiles
 n - 5 large rocks (quivered)
Armour
 a - a +0 robe
 k - a +0 cloak of magic resistance (worn)
 s - a +2 robe of magic resistance (worn)
Jewellery
 o - an uncursed ring of protection from fire
 u - an uncursed ring of stealth
 v - a +6 ring of intelligence
 C - a ring of protection from cold (right claw)
 G - a ring of protection from magic (left claw)
Wands
 e - a wand of paralysis (3/24)
 r - a wand of disintegration (16/24)
 D - a wand of lightning (7/15)
Scrolls
 c - 3 scrolls of teleportation {unknown}
 j - a scroll of fog {unknown}
 p - 2 scrolls of blinking
 t - a scroll of fear
 y - 4 scrolls of immolation {unknown}
 z - 2 scrolls of remove curse
 A - a scroll of noise {unknown}
 B - 3 scrolls of random uselessness {unknown}
 E - a scroll of recharging {unknown}
 F - a scroll of holy word {unknown}
Potions
 d - 2 potions of invisibility
 h - 8 potions of curing
 i - 4 potions of brilliance
 l - a potion of cancellation {unknown}
 m - 2 potions of haste
 w - 4 potions of berserk rage
 x - a potion of might
Comestibles
 b - 3 bread rations
 f - a slice of pizza
 g - a beef jerky
 q - 3 meat rations


   Skills:
 + Level 5.5 Fighting
 + Level 5.3 Dodging
 * Level 8.7 Unarmed Combat
 + Level 5.5 Invocations


You had 8 spell levels left.
You didn't know any spells.

Dungeon Overview and Level Annotations

Branches:
Dungeon (10/15)            Temple (0/1) D:6
   Lair: D:8-11         Orc: D:9-12

Altars:

Shops:
D:4 }:[[   D:6 *(   D:8 (


Innate Abilities, Weirdness & Mutations

You are too large for most types of armour.
You have claws for hands.
Your metabolism is lightning-fast.
You like to eat raw meat.
You heal very quickly.
You are covered in thick fur. (AC +2)
You have very tough skin. (AC +2)
You possess an exceptional clarity of mind.
You are clumsy. (Dex -2)
Your muscles are strong. (Str +2)
You are occasionally teleported next to monsters.


Message History

The redback bites you!
You are more poisoned.
The redback poisons you! The redback bites you!
* * * LOW HITPOINT WARNING * * *
The deep elf mage gestures wildly while chanting.
The redback barely misses you.
The redback bites you but does no damage.
Unknown command.
Unknown command.
Unknown command.
You barely miss the deep elf mage.
The deep elf mage is almost dead.
* * * LOW HITPOINT WARNING * * *
You feel extremely sick.
The deep elf mage hits you with a short sword.
* * * LOW HITPOINT WARNING * * *
The redback bites you!
* * * LOW HITPOINT WARNING * * *
The redback bites you!
You die...

........#.#######.####.
........#..#.........#. ####
.....h..##.#.####..#.#. ...#
........##....####.#.#. .⌠.#
........###'#......[)). ⌠..#
.e.....o# #∩#.......... ...#
....!..h# ####.........
##'##############e# #.........
...)....#P.P.P.P@r# ######..#.
.....)..#......sss# #######....
........#.........# #.......)#.
........'.P.P.P.P.# #........#.
#######################..........
#............... #...............
#.......######.. #.......# ##.


You could see a deep elf mage, a tarantella, 2 redbacks, a hell rat, a hound and
an orc.

Vanquished Creatures
  Pikel (D:8)
  Duvessa (D:7)
  An orc warrior (D:9)
  An ice beast (D:9)
  A necrophage (D:6)
  3 ogres
  A wasp (D:8)
  2 big kobolds
  Blork the orc (D:5)
  A giant frog (D:7)
  A gnoll sergeant (D:8)
  Dowan (D:7)
  2 scorpions
  A killer bee (D:8)
  A howler monkey (D:4)
  5 crimson imps
  A giant frog zombie (D:5)
  A centaur skeleton (D:8)
  3 hounds
  6 orc priests
  A centaur zombie (D:5)
  A giant frog skeleton (D:7)
  10 orc wizards
  Crazy Yiuf (D:3)
  Terence (D:3)
  5 worker ants
  An iguana (D:6)
  A big kobold zombie (Ossuary)
  The ghost of Amnesiac the Gusty, a weakling TeAE (Ossuary)
  A hound skeleton (D:6)
  3 mummies (Ossuary)
  A howler monkey skeleton (D:7)
  3 adders
  3 worms
  A giant gecko (D:5)
  24 orcs
  2 ball pythons
  5 giant cockroaches
  4 gnoll zombies (Ossuary)
  4 hobgoblins
  6 jackals
  7 kobolds
  5 quokkas
  3 bats (D:1)
  2 giant newts (D:5)
  5 goblins
  2 hobgoblin zombies (Ossuary)
  A jackal skeleton (D:7)
  An orc zombie (Ossuary)
  A quokka zombie (D:6)
  2 rats
143 creatures vanquished.

Vanquished Creatures (others)
  An ice beast (D:8)
  A hound (D:8)
  An adder (D:8)
3 creatures vanquished.

Grand Total: 146 creatures vanquished

Notes
Turn   | Place    | Note
-------+----------+-------------------------------------------
     0 | Abyss:1  | 4thArraOfDagon the Troll Abyssal Knight began the quest for the Orb.
     0 | Abyss:1  | Reached XP level 1. HP: 22/22 MP: 1/1
    17 | Abyss:1  | Noticed a bone dragon
    50 | Abyss:1  | Noticed a neqoxec
    51 | Abyss:1  | Noticed a crimson imp
   106 | Abyss:1  | Noticed a small abomination
   118 | Abyss:1  | Noticed a quasit
   118 | D:1      | Escaped the Abyss
   205 | D:1      | Reached * piety under Lugonu
   230 | D:2      | Reached XP level 2. HP: 17/29 MP: 2/2
   375 | D:3      | Reached skill level 3 in Unarmed Combat
   375 | D:3      | Reached XP level 3. HP: 27/36 MP: 3/3
   417 | D:3      | Noticed Terence
   432 | D:3      | Killed Terence
   553 | D:3      | Found a runed door.
   557 | D:3      | Noticed Crazy Yiuf
   566 | D:3      | Killed Crazy Yiuf
   566 | D:3      | Reached XP level 4. HP: 19/44 MP: 4/4
   596 | D:4      | Found Unomniogg's Armour Shop.
   615 | D:4      | Found Xuiwisua's Antique Armour Emporium.
   711 | D:4      | Found Racwiuvi's Gadget Emporium.
   752 | D:4      | Reached skill level 4 in Unarmed Combat
   752 | D:4      | Reached XP level 5. HP: 20/53 MP: 5/5
  1044 | D:4      | Found Weoviyt's Book Shoppe.
  1146 | D:4      | Noticed an ogre
  1153 | D:4      | Killed an ogre
  1153 | D:4      | Reached XP level 6. HP: 61/61 MP: 6/6
  1239 | D:5      | Entered Level 5 of the Dungeon
  1246 | D:5      | Noticed Blork the orc
  1259 | D:5      | Killed Blork the orc
  1259 | D:5      | Reached ** piety under Lugonu
  1335 | D:5      | Reached skill level 5 in Unarmed Combat
  1534 | D:6      | Found Xorphusug's Antique Weapon Emporium.
  1536 | D:6      | lol
  1552 | D:6      | Noticed an orc warrior
  1563 | D:6      | Reached XP level 7. HP: 28/68 MP: 5/8
  1952 | D:6      | Reached skill level 6 in Unarmed Combat
  1954 | D:6      | Reached *** piety under Lugonu
  1966 | D:6      | Found a staircase to the Ecumenical Temple.
  1987 | D:6      | Reached XP level 8. HP: 76/78 MP: 9/9
  1999 | D:6      | Found Zasyod's General Store.
  2010 | D:6      | lol
  2335 | D:7      | Found a sand-covered staircase.
  2344 | Ossuary  | Entered an ossuary
  2403 | Ossuary  | Noticed Amnesiac's ghost (weakling TeAE)
  2409 | Ossuary  | Killed Amnesiac's ghost
  2434 | Ossuary  | Reached **** piety under Lugonu
  2470 | Ossuary  | Gained mutation: You possess an exceptional clarity of mind. [potion of mutation]
  2470 | Ossuary  | Gained mutation: You are covered in thick fur. (AC +2) [potion of mutation]
  2470 | Ossuary  | Gained mutation: You are occasionally teleported next to monsters. [potion of mutation]
  2471 | Ossuary  | Gained mutation: You are clumsy. (Dex -2) [potion of mutation]
  2471 | Ossuary  | Gained mutation: Your muscles are strong. (Str +2) [potion of mutation]
  2472 | Ossuary  | uhh
  2588 | D:7      | Reached skill level 7 in Unarmed Combat
  2602 | D:7      | Noticed Duvessa
  2602 | D:7      | Noticed Dowan
  2617 | D:7      | Killed Duvessa
  2648 | D:7      | Killed Dowan
  2774 | D:8      | Noticed Pikel
  2809 | D:8      | Killed Pikel
  2809 | D:8      | Reached skill level 5 in Fighting
  2809 | D:8      | Reached skill level 8 in Unarmed Combat
  2809 | D:8      | Reached skill level 5 in Invocations
  2809 | D:8      | Reached XP level 9. HP: 64/88 MP: 11/11
  2912 | D:9      | Reached skill level 5 in Dodging
  2983 | D:10     | Entered Level 10 of the Dungeon
  3163 | D:8      | Found Sotuqosch's Weapon Shoppe.
  3166 | D:8      | i swear
  3175 | D:8      | +11battleaxe
  3484 | D:8      | Noticed a deep elf mage
  3505 | D:8      | Slain by a redback

Vault maps used:
D:1:      nicolae_arrival_washed_ashore, minmay_statues_item, minmay_tromino_v2
D:3:      minivault_4, uniq_terence, uniq_crazy_yiuf_cottage
D:4:      first_bread, serial_shops, nicolae_shop_stone, shop_statue,
          nicolae_shop_stone, nicolae_shop_statue_plus, solitary_fountain
D:5:      nrook_uturn, uniq_blork_the_orc
D:6:      lightli_temple_of_fire, serial_shops, shop, shop_statue
D:7:      nicolae_ossuary_entry_monument, uniq_duvessa
D:8:      minmay_klotski, serial_shops, kennysheep_mini, uniq_pikel
D:9:      serial_shops, shop, hangedman_fish_farm, st_stairs_1,
          kennysheep_generic_room_6
D:10:     lair_0_dummy, uniq_urug
Ossuary:  ossuary_crypta

Skill      XL: |  1  2  3  4  5  6  7  8  9 |
---------------+----------------------------+-----
Dodging        | 2 3 4 5 |  5.3
Unarmed Combat | 3 4 5 6 8 |  8.7
Invocations    | 2 3 5 |  5.5
Fighting       | 3 4 5 |  5.5

Action                   |  1- 3 |  4- 6 |  7- 9 || total
-------------------------+-------+-------+-------++-------
Melee: Unarmed           |    94 |   120 |   353 ||   567
       Punch             |       |     1 |    10 ||    11
Throw: Large rock        |       |     2 |       ||     2
Invok: Depart the Abyss  |     1 |       |       ||     1
Evoke: Wand              |       |       |     1 ||     1
  Use: Scroll            |     1 |     4 |     8 ||    13
       Potion            |       |       |     3 ||     3
 Stab: Sleeping          |     1 |       |     3 ||     4
  Eat: Chunk             |     9 |     8 |    19 ||    36
Armor: Robe              |    32 |    32 |   116 ||   180
       Skin              |       |       |     4 ||     4
Dodge: Dodged            |    43 |    46 |   147 ||   236
